[ AOE2 MATCH · #505759050 ]
UnrankedPoles vs Persians
Player's team · LOSS
Rival team · WIN
[ REPLAY ANALYSIS · EXTRACTED FROM THE RECORDED GAME ]
Feudal
11:11
Castle
—
Imperial
—
| APM avg | 48.3 |
| APM peak | 91 |
| eAPM avg | 23.1 |
| Villagers / military | 49 / 18 |
Focus
⚔️ 35.3% · 🌾 64.7%
Skirmisher ×11 · Archer ×3 · Scout Cavalry ×3 · Spearman ×1
Feudal
10:30
Castle
25:05
Imperial
—
| APM avg | 57.9 |
| APM peak | 79 |
| eAPM avg | 25.7 |
| Villagers / military | 53 / 40 |
Focus
⚔️ 46.0% · 🌾 54.0%
Archer ×27 · Militia ×5 · Spearman ×3 · Scout Cavalry ×3 · Cavalry Archer ×2
Match map
Initial resources + every placement click. Lines = walls · curves = elevation contours. ◆ gold · ⬟ stone · ● berries · ✦ relic · ◌ wall gap
Your base· ✓ Closed at 24:48 · 71t walls · 3 gate(s)
2099's base· Open — unwalled flank
Smoothed initial terrain · ◌ = detected wall gap · hover for details
Inputs per minute
— Parabox - - 2099
Build order — Parabox
First 150 of 158 actions detected
| 0:00 | Create | Villager (Male) |
| 0:01 | Create | Villager (Male) |
| 0:02 | Build | House |
| 0:03 | Build | House |
| 0:20 | Create | Villager (Male) |
| 0:48 | Create | Villager (Male) |
| 1:02 | Build | Palisade Wall |
| 1:05 | Build | Palisade Wall |
| 1:08 | Build | Palisade Wall |
| 1:34 | Create | Villager (Male) |
| 2:00 | Build | Lumber Camp |
| 2:04 | Create | Villager (Male) |
| 2:28 | Create | Villager (Male) |
| 2:44 | Create | Villager (Male) |
| 3:19 | Create | Villager (Male) |
| 3:48 | Create | Villager (Male) |
| 3:51 | Build | House |
| 4:05 | Build | House |
| 4:12 | Create | Villager (Male) |
| 4:33 | Create | Villager (Male) |
| 5:01 | Create | Villager (Male) |
| 5:07 | Create | Villager (Male) |
| 5:14 | Build | Palisade Wall |
| 5:23 | Create | Villager (Male) |
| 5:49 | Build | Palisade Wall |
| 5:51 | Build | Palisade Wall |
| 5:51 | Build | Palisade Wall |
| 6:05 | Build | Palisade Wall |
| 6:06 | Create | Villager (Male) |
| 6:08 | Build | Palisade Wall |
| 6:09 | Build | Palisade Wall |
| 6:15 | Build | Palisade Wall |
| 6:21 | Create | Villager (Male) |
| 7:06 | Research | Loom |
| 7:46 | Create | Villager (Male) |
| 7:46 | Create | Villager (Male) |
| 7:56 | Build | Mill |
| 8:08 | Create | Villager (Male) |
| 8:14 | Build | Palisade Wall |
| 8:15 | Build | Palisade Wall |
| 8:21 | Build | Palisade Wall |
| 8:22 | Create | Villager (Male) |
| 8:28 | Research | Feudal Age |
| 8:33 | Build | House |
| 8:37 | Build | Palisade Wall |
| 9:26 | Build | Barracks |
| 9:57 | Build | Palisade Wall |
| 9:59 | Build | Palisade Wall |
| 10:00 | Build | Palisade Wall |
| 10:02 | Build | Palisade Wall |
| 10:02 | Build | Palisade Wall |
| 10:06 | Create | Villager (Male) |
| 10:18 | Build | Palisade Gate |
| 11:11 | Build | Palisade Wall |
| 11:11 | Age | Feudal Age |
| 11:11 | Build | Palisade Wall |
| 11:12 | Build | Palisade Wall |
| 11:14 | Build | Stable |
| 11:16 | Research | Double-Bit Axe |
| 11:16 | Research | Horse Collar |
| 11:20 | Build | House |
| 11:30 | Build | Palisade Wall |
| 11:32 | Build | Palisade Wall |
| 11:34 | Build | Palisade Wall |
| 11:37 | Create | Villager (Male) |
| 11:41 | Build | House |
| 11:47 | Build | Palisade Wall |
| 11:49 | Build | Palisade Wall |
| 12:02 | Build | Farm |
| 12:04 | Build | Farm |
| 12:05 | Create | Scout Cavalry |
| 12:10 | Create | Scout Cavalry |
| 12:38 | Create | Villager (Male) |
| 13:02 | Build | Farm |
| 13:28 | Create | Villager (Male) |
| 13:40 | Create | Villager (Male) |
| 14:10 | Build | Farm |
| 14:11 | Build | Farm |
| 14:24 | Build | Farm |
| 14:27 | Create | Villager (Male) |
| 14:39 | Build | Palisade Wall |
| 14:41 | Build | Palisade Wall |
| 14:41 | Build | Palisade Wall |
| 14:49 | Create | Villager (Male) |
| 15:06 | Build | Farm |
| 15:07 | Build | Farm |
| 15:08 | Build | Mill |
| 15:08 | Build | Farm |
| 15:09 | Build | Farm |
| 15:10 | Create | Villager (Male) |
| 15:18 | Create | Villager (Male) |
| 15:25 | Build | Mining Camp |
| 15:28 | Create | Villager (Male) |
| 15:35 | Build | Palisade Wall |
| 15:52 | Create | Villager (Male) |
| 16:04 | Build | Archery Range |
| 16:27 | Create | Villager (Male) |
| 16:32 | Create | Scout Cavalry |
| 16:41 | Build | Palisade Gate |
| 16:51 | Create | Villager (Male) |
| 17:23 | Create | Archer |
| 17:24 | Create | Villager (Male) |
| 17:34 | Create | Archer |
| 17:42 | Create | Skirmisher |
| 17:50 | Build | Farm |
| 18:03 | Build | Blacksmith |
| 18:04 | Build | House |
| 18:05 | Build | Palisade Wall |
| 18:11 | Create | Villager (Male) |
| 18:27 | Create | Archer |
| 18:34 | Create | Skirmisher |
| 18:39 | Create | Villager (Male) |
| 18:51 | Research | Fletching |
| 18:52 | Create | Skirmisher |
| 18:53 | Create | Villager (Male) |
| 19:08 | Create | Skirmisher |
| 19:09 | Create | Villager (Male) |
| 19:17 | Build | Watch Tower |
| 19:23 | Create | Villager (Male) |
| 19:26 | Build | House |
| 19:30 | Build | House |
| 19:33 | Build | House |
| 19:52 | Create | Skirmisher |
| 19:53 | Create | Villager (Male) |
| 20:26 | Create | Villager (Male) |
| 20:30 | Create | Skirmisher |
| 20:41 | Create | Skirmisher |
| 20:47 | Create | Skirmisher |
| 21:06 | Create | Villager (Male) |
| 21:06 | Create | Skirmisher |
| 21:16 | Create | Villager (Male) |
| 21:20 | Build | Farm |
| 21:20 | Build | Farm |
| 21:21 | Create | Villager (Male) |
| 21:28 | Build | Farm |
| 21:38 | Build | Palisade Wall |
| 21:41 | Create | Spearman |
| 22:12 | Create | Villager (Male) |
| 22:18 | Research | Padded Archer Armor |
| 22:21 | Create | Skirmisher |
| 22:26 | Create | Villager (Male) |
| 22:36 | Build | Farm |
| 22:59 | Create | Villager (Male) |
| 23:07 | Create | Villager (Male) |
| 23:08 | Create | Skirmisher |
| 23:18 | Build | Farm |
| 23:19 | Build | Mill |
| 23:19 | Build | Farm |
| 23:19 | Build | Farm |
| 23:20 | Build | Farm |
Build order — 2099
First 150 of 174 actions detected
| 0:01 | Create | Villager (Male) |
| 0:01 | Create | Villager (Male) |
| 0:02 | Create | Villager (Male) |
| 0:02 | Build | House |
| 0:04 | Build | House |
| 0:09 | Create | Villager (Male) |
| 0:09 | Create | Villager (Male) |
| 1:27 | Create | Villager (Male) |
| 1:35 | Create | Villager (Male) |
| 2:02 | Create | Villager (Male) |
| 2:04 | Build | House |
| 2:28 | Build | Barracks |
| 2:32 | Create | Villager (Male) |
| 2:47 | Create | Villager (Male) |
| 2:59 | Create | Villager (Male) |
| 3:15 | Create | Villager (Male) |
| 3:32 | Create | Militia |
| 3:33 | Create | Militia |
| 3:45 | Create | Villager (Male) |
| 3:49 | Build | Palisade Wall |
| 4:02 | Create | Villager (Male) |
| 4:28 | Build | House |
| 4:37 | Create | Villager (Male) |
| 5:05 | Create | Villager (Male) |
| 5:06 | Build | Lumber Camp |
| 5:22 | Create | Villager (Male) |
| 5:39 | Create | Villager (Male) |
| 5:45 | Create | Villager (Male) |
| 6:01 | Create | Villager (Male) |
| 6:03 | Build | House |
| 6:21 | Build | Mill |
| 6:28 | Create | Villager (Male) |
| 6:41 | Create | Villager (Male) |
| 7:04 | Build | Mill |
| 7:10 | Research | Loom |
| 7:43 | Create | Villager (Male) |
| 8:26 | Research | Feudal Age |
| 9:15 | Build | Mining Camp |
| 9:50 | Create | Villager (Male) |
| 10:18 | Create | Militia |
| 10:18 | Create | Militia |
| 10:30 | Age | Feudal Age |
| 10:34 | Build | House |
| 10:43 | Create | Villager (Male) |
| 10:46 | Research | Double-Bit Axe |
| 11:01 | Create | Villager (Male) |
| 11:02 | Build | House |
| 11:08 | Create | Militia |
| 11:10 | Create | Villager (Male) |
| 11:36 | Research | Man-at-Arms (upgrade) |
| 11:38 | Create | Villager (Male) |
| 11:47 | Build | Watch Tower |
| 12:04 | Build | Farm |
| 12:06 | Build | Farm |
| 12:06 | Build | Farm |
| 12:06 | Build | Farm |
| 12:30 | Create | Villager (Male) |
| 12:39 | Create | Spearman |
| 13:00 | Create | Villager (Male) |
| 13:14 | Create | Villager (Male) |
| 13:28 | Create | Spearman |
| 13:31 | Build | Archery Range |
| 13:32 | Build | Archery Range |
| 13:54 | Build | Palisade Wall |
| 14:00 | Build | Palisade Wall |
| 14:02 | Build | Palisade Wall |
| 14:06 | Create | Spearman |
| 14:08 | Create | Villager (Male) |
| 14:28 | Build | Farm |
| 14:37 | Build | House |
| 14:38 | Build | House |
| 14:40 | Create | Villager (Male) |
| 14:45 | Build | Farm |
| 14:45 | Build | Farm |
| 14:45 | Build | Farm |
| 14:47 | Research | Horse Collar |
| 15:07 | Create | Villager (Male) |
| 15:11 | Build | Farm |
| 15:12 | Build | Farm |
| 15:12 | Create | Archer |
| 15:12 | Create | Archer |
| 15:13 | Create | Archer |
| 15:13 | Create | Archer |
| 15:20 | Create | Villager (Male) |
| 15:24 | Create | Archer |
| 15:25 | Create | Archer |
| 15:26 | Create | Archer |
| 15:38 | Build | Blacksmith |
| 15:40 | Create | Villager (Male) |
| 15:47 | Build | Farm |
| 15:51 | Build | Mining Camp |
| 15:53 | Create | Archer |
| 15:53 | Create | Archer |
| 16:01 | Create | Archer |
| 16:13 | Create | Villager (Male) |
| 16:22 | Build | Farm |
| 16:27 | Create | Villager (Male) |
| 16:30 | Build | House |
| 16:36 | Create | Archer |
| 16:40 | Build | Palisade Wall |
| 16:41 | Build | Palisade Wall |
| 16:42 | Create | Villager (Male) |
| 16:44 | Build | House |
| 16:58 | Research | Fletching |
| 17:07 | Create | Archer |
| 17:18 | Create | Villager (Male) |
| 17:22 | Build | Farm |
| 17:24 | Build | House |
| 17:33 | Build | Palisade Wall |
| 17:36 | Build | House |
| 17:43 | Create | Villager (Male) |
| 17:53 | Build | Farm |
| 18:24 | Create | Villager (Male) |
| 18:27 | Build | Farm |
| 18:27 | Create | Archer |
| 18:28 | Create | Archer |
| 18:28 | Create | Archer |
| 18:28 | Create | Archer |
| 18:46 | Create | Villager (Male) |
| 18:57 | Build | Stable |
| 18:58 | Create | Villager (Male) |
| 19:00 | Create | Archer |
| 19:00 | Create | Archer |
| 19:26 | Create | Villager (Male) |
| 19:26 | Create | Archer |
| 19:27 | Create | Archer |
| 19:50 | Build | Watch Tower |
| 19:57 | Create | Villager (Male) |
| 19:58 | Create | Archer |
| 19:58 | Create | Archer |
| 20:14 | Create | Villager (Male) |
| 20:15 | Create | Scout Cavalry |
| 20:22 | Build | House |
| 20:34 | Create | Scout Cavalry |
| 20:36 | Create | Archer |
| 20:50 | Build | House |
| 21:09 | Create | Villager (Male) |
| 21:13 | Build | Watch Tower |
| 21:18 | Build | Market |
| 21:19 | Create | Villager (Male) |
| 21:20 | Build | Farm |
| 21:40 | Create | Villager (Male) |
| 21:43 | Build | Lumber Camp |
| 21:47 | Build | Palisade Gate |
| 21:50 | Create | Villager (Male) |
| 22:03 | Build | Palisade Wall |
| 22:16 | Build | House |
| 22:17 | Build | House |
| 22:32 | Build | Farm |
| 22:35 | Research | Castle Age |
Match timeline
| 1:02 | Parabox · wall_segment Palisade Wall x4 |
| 1:05 | Parabox · wall_segment Palisade Wall x6 |
| 1:08 | Parabox · wall_segment Palisade Wall x6 |
| 2:28 | 2099 · first_building Barracks |
| 3:49 | 2099 · wall_segment Palisade Wall x1 |
| 5:14 | Parabox · wall_segment Palisade Wall x8 |
| 5:49 | Parabox · wall_segment Palisade Wall x1 |
| 5:51 | Parabox · wall_segment Palisade Wall x1 |
| 5:51 | Parabox · wall_segment Palisade Wall x1 |
| 6:05 | Parabox · wall_segment Palisade Wall x1 |
| 6:08 | Parabox · wall_segment Palisade Wall x1 |
| 6:09 | Parabox · wall_segment Palisade Wall x1 |
| 6:15 | Parabox · wall_segment Palisade Wall x1 |
| 8:14 | Parabox · wall_segment Palisade Wall x1 |
| 8:15 | Parabox · wall_segment Palisade Wall x1 |
| 8:21 | Parabox · wall_segment Palisade Wall x1 |
| 8:37 | Parabox · wall_segment Palisade Wall x1 |
| 9:26 | Parabox · first_building Barracks |
| 9:57 | Parabox · wall_segment Palisade Wall x2 |
| 9:59 | Parabox · wall_segment Palisade Wall x3 |
| 10:00 | Parabox · wall_segment Palisade Wall x1 |
| 10:02 | Parabox · wall_segment Palisade Wall x2 |
| 10:02 | Parabox · wall_segment Palisade Wall x1 |
| 10:30 | 2099 · age_up feudal |
| 11:11 | Parabox · wall_segment Palisade Wall x1 |
| 11:11 | Parabox · age_up feudal |
| 11:11 | Parabox · wall_segment Palisade Wall x1 |
| 11:12 | Parabox · wall_segment Palisade Wall x1 |
| 11:14 | Parabox · first_building Stable |
| 11:30 | Parabox · wall_segment Palisade Wall x1 |
| 11:32 | Parabox · wall_segment Palisade Wall x3 |
| 11:34 | Parabox · wall_segment Palisade Wall x4 |
| 11:47 | Parabox · wall_segment Palisade Wall x2 |
| 11:49 | Parabox · wall_segment Palisade Wall x1 |
| 13:31 | 2099 · first_building Archery Range |
| 13:54 | 2099 · wall_segment Palisade Wall x1 |
| 14:00 | 2099 · wall_segment Palisade Wall x1 |
| 14:02 | 2099 · wall_segment Palisade Wall x1 |
| 14:39 | Parabox · wall_segment Palisade Wall x5 |
| 14:41 | Parabox · wall_segment Palisade Wall x1 |
| 14:41 | Parabox · wall_segment Palisade Wall x1 |
| 15:35 | Parabox · wall_segment Palisade Wall x5 |
| 16:04 | Parabox · first_building Archery Range |
| 16:40 | 2099 · wall_segment Palisade Wall x2 |
| 16:41 | 2099 · wall_segment Palisade Wall x2 |
| 17:33 | 2099 · wall_segment Palisade Wall x2 |
| 18:05 | Parabox · wall_segment Palisade Wall x3 |
| 18:57 | 2099 · first_building Stable |
| 21:38 | Parabox · wall_segment Palisade Wall x1 |
| 22:03 | 2099 · wall_segment Palisade Wall x1 |
| 22:48 | 2099 · wall_segment Palisade Wall x4 |
| 23:35 | 2099 · wall_segment Palisade Wall x1 |
| 24:37 | Parabox · first_market_buy 100 food |
| 24:55 | 2099 · wall_segment Palisade Wall x1 |
| 24:55 | 2099 · wall_segment Palisade Wall x2 |
| 25:05 | 2099 · age_up castle |
| 25:20 | Parabox · resign |
[ AI ANALYSIS · 1 CREDIT ]
What really happened in this match?
Wolo.gg analyzes every decision: build order, eco, micro, common mistakes by bracket. Personalized analysis on WhatsApp or Discord in 30 seconds.
Civ guide
Poles
Perfil
Parabox